 Dungeon Crawl Stone Soup version 0.31-a0-1-g4198be8af4 (webtiles) character file.

Game seed: 13472975864419180785

97370 RascalDebosk the Warrior (level 16, -9/132 HPs)
             Began as a Djinni Fire Elementalist on Nov 30, 2022.
             Was a Priest of Ashenzari.
             Killed by an exploding shock serpent (16 damage)
             ... ignited by their inner flame
             ... on level 1 of the Snake Pit on May 1, 2023.
             The game lasted 04:55:16 (26998 turns).

RascalDebosk the Warrior (DjFE)                    Turns: 26998, Time: 04:55:16

Health: -9/132     AC: 28    Str: 11    XL:     16   Next: 69%
Gold:   678        EV: 11    Int: 36    God:    Ashenzari [***...] SH: 11 Dex: 14

rFire   + . .        Z - +4 dagger of Curses and Power {protect, Fort, Self} (curse)
rCold   + . .        L - +0 kite shield
rNeg    . . .        U - +2 ice dragon scales
rPois   ∞            b - +1 helmet of Ashenzari's Suspicion {Int+3, Cun, Self} (curse)
rElec   .            E - +2 cloak "Sun of the Unmoving One" {Fort, Melee} (curse)
rCorr   .            z - +0 pair of gloves "Obisch" {MP-9 Str+4 Int+2}
SInv    +            (boots unavailable)
Will    +....        H - amulet of regeneration
Stlth   +            v - ring "Ensconced Insecurity" {AC+4, Fort, Cun} (curse)
HPRegen 1.22/turn    G - ring of Ashenzari's Suspicion {Int+6, Self, Range} (curse)
MPRegen 0.00/turn

%: clarity, infuse magic (-10 HP)
@: flying
A: sickness immunity, fire resistance 2, cold vulnerability 1, float, innate
caster, HP casting, extra vitality 1
a: Renounce Religion, Shatter the Chains


You were on level 1 of the Snake Pit.
You worshipped Ashenzari.
Ashenzari was most pleased with you.
You visited 5 branches of the dungeon, and saw 21 of its levels.
You also visited: Sewer.

You collected 2219 gold pieces.
You spent 1541 gold pieces at shops.

Inventory:

Hand Weapons
 J - the +7 flail of Watchfulness {drain, Str+3}
   (You found it on level 7 of the Dungeon)

   Str:       It affects your strength (+3).
 Z - the cursed +4 dagger of Curses and Power (weapon) {protect, Fort, Self}
   (You took it off an orc wizard on level 6 of the Dungeon)

   It has a curse which improves the following skills: Fortitude: Armour and
   Shields.
   Introspection: Fighting and Spellcasting.
Armour
 b - the cursed +1 helmet of Ashenzari's Suspicion (worn) {Int+3, Cun, Self}
   (You found it on level 1 of the Dungeon)

   It has a curse which improves the following skills: Cunning: Dodging and
   Stealth.
   Introspection: Fighting and Spellcasting.
 z - the +0 pair of gloves "Obisch" (worn) {MP-9 Str+4 Int+2}
   (You found it on level 4 of the Lair of Beasts)

   Str:       It affects your strength (+4).
   Int:       It affects your intelligence (+2).
   MP:        It affects your magic capacity (-9).
 A - an orb of light
 E - the cursed +2 cloak "Sun of the Unmoving One" (worn) {Fort, Melee}
   (You found it on level 5 of the Dungeon)

   It has a curse which improves the following skills: Fortitude: Armour and
   Shields.
   Melee Combat: Short Blades, Long Blades, Axes, Maces & Flails, Polearms,
   Staves and Unarmed Combat.
 L - a +0 kite shield (worn)
 P - a +1 troll leather armour
 R - a +0 buckler
 U - +2 ice dragon scales (worn)
Jewellery
 a - a ring of willpower
 v - the cursed ring "Ensconced Insecurity" (left hand) {AC+4, Fort, Cun}
   (You found it on level 3 of the Dungeon)

   [ring of protection]

   AC:        It affects your AC (+4).
   It has a curse which improves the following skills: Fortitude: Armour and
   Shields.
   Cunning:   Dodging and Stealth.
 G - the cursed ring of Ashenzari's Suspicion (right hand) {Int+6, Self, Range}
   (You found it on level 6 of the Dungeon)

   [ring of intelligence]

   Int:       It affects your intelligence (+6).
   It has a curse which improves the following skills: Introspection: Fighting
   and Spellcasting.
   Ranged Combat: Ranged Weapons and Throwing.
 H - an amulet of regeneration (around neck)
 Y - a +5 ring of evasion
Wands
 l - a wand of mindburst (6)
 w - a wand of roots (10)
 y - a wand of digging (12)
 I - a wand of polymorph (21)
 S - a wand of paralysis (13)
 W - a wand of flame (13)
Scrolls
 c - 4 scrolls of amnesia
 d - a scroll of torment
 e - 3 scrolls of fear
 f - a scroll of fog
 g - 3 scrolls of blinking
 i - 18 scrolls of identify
 j - 4 scrolls of poison
 k - 6 scrolls of magic mapping
 r - a scroll of butterflies
 t - 13 scrolls of teleportation
 N - 4 scrolls of immolation
Potions
 h - 2 potions of mutation
 m - 10 potions of curing
 n - 7 potions of lignification
 o - 3 potions of haste
 p - 3 potions of brilliance
 q - 7 potions of might
 s - 4 potions of magic
 x - 5 potions of cancellation
 D - 3 potions of berserk rage
 K - 2 potions of heal wounds
 O - a potion of ambrosia
Miscellaneous
 u - a phantom mirror
 B - a box of beasts
 C - a lightning rod (4/4)
 F - a phial of floods
 V - a condenser vane


   Skills:
 * Level 15.3(18.2) Fighting
 - Level 5.6(7.1) Short Blades
 + Level 10.2(13.1) Armour
 - Level 10.8(13.0) Dodging
 - Level 1.5(3.1) Stealth
 + Level 6.5(9.5) Shields
 * Level 13.1(16.0) Spellcasting
 + Level 7.1 Evocations


You knew the following spells:

 Your Spells              Type           Power      Damage    Failure   Level
a - Foxfire               Conj/Fire      100%       2x1d9     1%          1
b - Scorch                Fire           100%       2d9       1%          2
c - Volatile Blastmotes   Fire/Tloc      100%       2d18      1%          3
d - Inner Flame           Hex/Fire       97%        N/A       1%          3
e - Flame Wave            Conj/Fire      97%        2d20      1%          4
f - Sandblast             Erth           100%       2d20      1%          1
g - Passwall              Tmut/Erth      80%        N/A       1%          2
h - Stone Arrow           Conj/Erth      100%       3d13      1%          3
i - Olgreb's Toxic Radia  Pois           97%        N/A       1%          4
j - Lightning Bolt        Conj/Air       48%        1d69      1%          5
k - Lee's Rapid Deconstr  Erth           48%        3d23*     1%          5
l - Eringya's Noxious Bo  Tmut/Pois      48%        N/A       3%          6
Your spell library was empty.

Dungeon Overview and Level Annotations

Branches:
Dungeon (12/15)            Temple (1/1) D:4            Lair (5/5) D:11
  Swamp (0/4) Lair:2        Snake (1/4) Lair:2        Slime (0/5) Lair:4
    Orc (2/2) D:9             Elf (0/3) Orc:2         Sewer (visited)

Altars:
Ashenzari
Cheibriados
Dithmenos
Elyvilon
Fedhas
Gozag
Hepliaklqana
Makhleb
Nemelex Xobeh
Okawaru
Qazlal
Ru
Trog
Uskayaw
Wu Jian
Xom
Yredelemnul
Zin
The Shining One
Jiyva

Shops:
D:8 ?   Orc:2 [**[

Annotations:
D:9 1 runed translucent door, turdburglar's ghost, novice OgGl


Innate Abilities, Weirdness & Mutations

You are immune to sickness and miasma.
You are immune to poison.
Your flesh is very heat resistant. (rF++)
You are vulnerable to cold. (rC-)
You float through the air rather than walking.
You learn spells naturally, not from books.
Your magical power is your life essence.
You have superior vitality. (+4 MHP)


Message History

The stone arrow hits the naga warrior!!
Flame seeps out of the naga warrior.
The naga warrior is heavily wounded.
The naga warrior is engulfed in blazing flames.
Flame seeps out of the naga warrior.
Casting: Stone Arrow (safe; 1% risk of failure)
Confirm with . or Enter, or press ? or * to list all spells.
Aiming: Stone Arrow (safe; 1% risk of failure)
Press: ? - help, Shift-Dir - straight line, f/p - naga warrior
Aim: a naga warrior, wielding a +2 short sword of protection (severely wounded, inner flame, 78% to hit)
The stone arrow hits the naga warrior!!
Flame seeps out of the naga warrior.
The naga warrior is almost dead.
The naga warrior spits poison at you.
The splash of poison hits you but does no damage.
You resist.
Casting: Stone Arrow (safe; 1% risk of failure)
Confirm with . or Enter, or press ? or * to list all spells.
Aiming: Stone Arrow (safe; 1% risk of failure)
Press: ? - help, Shift-Dir - straight line, f/p - naga warrior
Aim: a naga warrior, wielding a +2 short sword of protection (flame, almost dead, inner flame, catching its breath, 78% to hit)
The stone arrow hits the naga warrior!
The naga warrior explodes!
Casting: Stone Arrow (safe; 1% risk of failure)
Confirm with . or Enter, or press ? or * to list all spells.
Aiming: Inner Flame (safe; 1% risk of failure)
Press: ? - help, Dir - move target, f - naga mage
Aim: a naga mage, wielding a +0 club and wearing a +0 robe (strong, chance to affect: 88%)
The naga mage is filled with an inner flame.
* * * LOW HITPOINT WARNING * * *
The naga mage spits poison at you.
The splash of poison hits you but does no damage.
You resist.
Casting: Inner Flame (safe; 1% risk of failure)
Confirm with . or Enter, or press ? or * to list all spells.
You begin to radiate toxic energy.
* * * LOW HITPOINT WARNING * * *
The naga mage no longer looks unusually strong.
Casting: Olgreb's Toxic Radiance (safe; 1% risk of failure)
Confirm with . or Enter, or press ? or * to list all spells.
Aiming: Stone Arrow (safe; 1% risk of failure)
Press: ? - help, Shift-Dir - straight line, f/p - naga mage
Aim: a naga mage, wielding a +0 club and wearing a +0 robe (inner flame, 78% to hit)
The stone arrow hits the naga mage!
Flame seeps out of the naga mage.
The naga mage is heavily wounded.
* * * LOW HITPOINT WARNING * * *
Your toxic aura wanes.
Casting: Stone Arrow (safe; 1% risk of failure)
Confirm with . or Enter, or press ? or * to list all spells.
Aiming: Stone Arrow (safe; 1% risk of failure)
Press: ? - help, Shift-Dir - straight line, f/p - naga mage
Aim: a naga mage, wielding a +0 club and wearing a +0 robe (flame, heavily wounded, inner flame, 78% to hit)
The stone arrow hits the naga mage!
Flame seeps out of the naga mage.
The naga mage is almost dead.
* * * LOW HITPOINT WARNING * * *
The naga mage is engulfed in blazing flames.
Flame seeps out of the naga mage.
Casting: Stone Arrow (safe; 1% risk of failure)
Confirm with . or Enter, or press ? or * to list all spells.
Aiming: Stone Arrow (safe; 1% risk of failure)
Press: ? - help, Shift-Dir - straight line, f/p - naga mage
Aim: a naga mage, wielding a +0 club and wearing a +0 robe (flame, almost dead, inner flame, 78% to hit)
The stone arrow hits the naga mage.
* * * LOW HITPOINT WARNING * * *
The naga mage explodes!
You start resting.
A shock serpent comes into view.
Casting: Stone Arrow (safe; 1% risk of failure)
Confirm with . or Enter, or press ? or * to list all spells.
Aiming: Inner Flame (safe; 1% risk of failure)
Press: ? - help, Dir - move target, f - shock serpent
Aim: a shock serpent (chance to affect: 96%)
The shock serpent is filled with an inner flame.
* * * LOW HITPOINT WARNING * * *
A naga warrior comes into view. It is wielding a +1 heavy halberd.
The shock serpent bites you!
* * * LOW HITPOINT WARNING * * *
The shock serpent shocks you!
* * * LOW HITPOINT WARNING * * *
Casting: Inner Flame (safe; 1% risk of failure)
Confirm with . or Enter, or press ? or * to list all spells.
Casting: Flame Wave (safe; 1% risk of failure)
Press: ? - help, Dir - look around, f - activate A wave of flame ripples out!
The flame wave engulfs the shock serpent!!!
Flame seeps out of the shock serpent.
The shock serpent is severely wounded. (Press . to intensify the flame waves.)
* * * LOW HITPOINT WARNING * * *
The shock serpent's electric aura discharges violently, shocking you!
* * * LOW HITPOINT WARNING * * *
The shock serpent is engulfed in blazing flames.
Flame seeps out of the shock serpent.
The shock serpent bites you but does no damage.
The shock serpent's electric aura discharges, shocking you!
* * * LOW HITPOINT WARNING * * *
A wave of flame ripples out!
The flame wave engulfs the shock serpent!!
* * * LOW HITPOINT WARNING * * *
The shock serpent explodes!
The fiery explosion engulfs you! You resist.
You die...

,
...........#.........#...
, ,
.......N.................
,
.........................
,
,.........................
,
,.....)...................
,
......................#'#
........§§............#.#
,
....)○..§○#...........+.#
.....○)§@##..........##.#
,
...#####'##.........###.#
, .. * #.##........# #.# .
#.###'##########.# , ,
.#####.............##.# *
, ..'......##########.##..
, .######### #....# *
###### * ,


You could see a naga warrior.

Vanquished Creatures
  Agnes (Snake:1)
  Aizul (Snake:1)
  Nessos (D:12)
  3 dire elephants
  Fannar (Orc:1)
  4 hydras
  An ogre mage (D:12)
  2 catoblepae (Lair:5)
  A boulder beetle (D:12)
  7 two-headed ogres
  A naga warrior (Snake:1)
  12 death yaks
  5 orc high priests (Orc:2)
  2 tengu warriors (D:12)
  2 skysharks (Lair:5)
  2 shock serpents (Snake:1)
  9 hell knights (D:12)
  Amaemon (D:9)
  A bog body (Lair:2)
  A mana viper (Snake:1)
  2 lindwurms
  3 orc knights
  A necromancer (D:12)
  An ugly thing (D:11)
  4 manticores
  An orc sorcerer (Orc:2)
  2 oklob plants
  2 cyclopes (D:12)
  A moth of wrath (Lair:4)
  11 elephants
  Maurice (Orc:1)
  A salamander (Snake:1)
  14 cane toads
  19 black mambas
  A naga mage (Snake:1)
  7 komodo dragons
  An orange demon (D:9)
  6 kobold demonologists (D:12)
  4 rime drakes
  4 tengu conjurers (D:12)
  A hornet (D:9)
  A queen bee (Lair:2)
  14 trolls
  3 raiju (D:12)
  A tyrant leech (Lair:4)
  A dream sheep (Lair:5)
  15 blink frogs
  A shadow (D:9)
  6 basilisks
  11 wyverns
  A vampire (D:10)
  2 wraiths
  55 yaks
  5 swamp worms
  19 wargs
  Edmund (D:6)
  9 nagas
  An acid dragon (D:12)
  Duvessa (D:6)
  20 water moccasins
  7 hell hounds (D:12)
  3 black bears
  31 orc warriors
  A sky beast (D:8)
  2 ice beasts
  9 ogres
  2 centaurs (D:7)
  6 wolves
  A phantom (D:4)
  6 kobold brigands
  Blork the orc (D:6)
  5 bullfrogs
  10 gnoll sergeants
  5 scorpions
  7 wights
  Dowan (D:6)
  34 killer bees
  7 howler monkeys
  4 electric eels
  A gnoll bouda (D:9)
  6 hounds
  4 jellies
  37 orc priests
  2 iguanas
  A sleepcap (D:8)
  27 orc wizards
  8 hell rats
  7 gnolls
  10 adders
  3 river rats
  15 white imps
  2 ufetubi
  2 worms (Sewer)
  4 dart slugs
  125 orcs
  11 ball pythons
  4 bats
  6 endoplasms
  9 giant cockroaches
  6 goblins
  4 hobgoblins
  4 jackals (D:1)
  8 quokkas
  5 frilled lizards
  33 kobolds
  10 rats
808 creatures vanquished.

Vanquished Creatures (collateral kills)
  A foxfire (D:3)
1 creature vanquished.

Vanquished Creatures (others)
  A dream sheep (Lair:5)
  A bush (Lair:4)
  509 foxfires
  58 fungi
  138 plants
  8 toadstools (Lair:3)
715 creatures vanquished.

Grand Total: 1524 creatures vanquished

Notes
Turn   | Place    | Note
-------+----------+-------------------------------------------
     0 | D:1      | RascalDebosk the Djinni Fire Elementalist began the quest
                  | for the Orb.
     0 | D:1      | RascalDebosk set off with the following spells memorised:
                  | Foxfire, Scorch, Kindle Blastsparks, Inner Flame, Flame
                  | Wave.
     0 | D:1      | Reached XP level 1. HP: 15/15 MP: 0/0
    69 | D:1      | Reached XP level 2. HP: 19/21 MP: 0/0
   126 | D:1      | Reached XP level 3. HP: 15/25 MP: 0/0
   126 | D:1      | Learned a level 1 spell: Sandblast
   280 | D:1      | Upgraded the game from 0.30-a0-377-g5cb311bc9f to
                  | 0.31-a0-1-g4198be8af4
   799 | D:2      | Reached XP level 4. HP: 28/31 MP: 0/0
   834 | D:2      | Found a stormy altar of Qazlal.
  1593 | D:3      | Reached XP level 5. HP: 29/35 MP: 0/0
  1593 | D:3      | Learned a level 2 spell: Passwall
  1597 | D:3      | Found a glowing drain.
  1609 | Sewer    | Entered a sewer
  2071 | Sewer    | Noticed a kobold brigand
  2079 | Sewer    | Killed a kobold brigand
  2080 | Sewer    | Reached skill level 5 in Spellcasting
  2080 | Sewer    | Reached XP level 6. HP: 33/40 MP: 0/0
  2179 | D:3      | Found a glowing silver altar of Zin.
  2248 | D:3      | Found a broken altar of Ashenzari.
  2255 | D:3      | Became a worshipper of Ashenzari the Shackled
  2294 | D:3      | Found a sparkling altar of Nemelex Xobeh.
  2315 | D:3      | Found a shadowy altar of Dithmenos.
  2957 | D:4      | Found a staircase to the Ecumenical Temple.
  3131 | D:4      | Reached skill level 1 in Fighting
  3133 | D:4      | Reached XP level 7. HP: 43/48 MP: 0/0
  3133 | D:4      | Learned a level 3 spell: Stone Arrow
  3208 | D:4      | Reached skill level 2 in Fighting
  3480 | D:4      | You are sucked into a shaft and drop 3 floors!
  3827 | D:7      | Found a white marble altar of Elyvilon.
  3934 | D:6      | Reached skill level 3 in Fighting
  3941 | D:6      | Reached XP level 8. HP: 43/58 MP: 0/0
  3987 | D:6      | Noticed Edmund
  4021 | D:6      | Killed Edmund
  4022 | D:6      | Reached skill level 4 in Fighting
  4094 | D:6      | Noticed Blork the orc
  4098 | D:6      | Killed Blork the orc
  4344 | D:5      | Entered Level 5 of the Dungeon
  4808 | D:5      | Reached skill level 5 in Fighting
  4808 | D:5      | Reached XP level 9. HP: 48/65 MP: 0/0
  4808 | D:5      | Learned a level 4 spell: Olgreb's Toxic Radiance
  5135 | D:5      | Reached * piety under Ashenzari
  5247 | D:5      | Reached skill level 5 in Dodging
  5473 | D:5      | Identified the +0 robe "Vaitujull" {rElec rN+ Str+3}
  5505 | D:5      | Reached skill level 6 in Fighting
  5994 | D:5      | Reached skill level 1 in Armour
  6179 | D:5      | Reached skill level 1 in Short Blades
  6402 | D:6      | Reached ** piety under Ashenzari
  6809 | D:6      | Noticed Duvessa
  6810 | D:6      | Noticed Dowan
  6814 | D:6      | Killed Dowan
  6819 | D:6      | Killed Duvessa
  7776 | D:7      | Found an ornate altar of the Wu Jian Council.
  7804 | D:7      | Identified the +7 flail of Watchfulness {drain, Str+3}
  7883 | D:7      | Reached *** piety under Ashenzari
  8183 | D:8      | Reached XP level 10. HP: 67/78 MP: 0/0
  8211 | D:8      | Found a blossoming altar of Fedhas.
  8280 | D:8      | Found a bloodstained altar of Trog.
  8362 | D:8      | Reached skill level 7 in Fighting
  8610 | D:8      | Found Zuvinin's Magic Scroll Shoppe.
  8669 | D:8      | Bought a scroll of magic mapping for 105 gold pieces
  8669 | D:8      | Bought a scroll of magic mapping for 105 gold pieces
  8669 | D:8      | Bought a scroll of teleportation for 42 gold pieces
  8669 | D:8      | Bought a scroll of enchant weapon for 105 gold pieces
  8669 | D:8      | Bought a scroll of fear for 56 gold pieces
  8785 | D:8      | Bought a scroll of poison for 56 gold pieces
  8999 | D:8      | Noticed a two-headed ogre
  9004 | D:8      | Killed a two-headed ogre
  9200 | D:8      | Found a shimmering altar of Xom.
  9384 | D:8      | Noticed an oklob plant
  9401 | D:8      | Killed an oklob plant
  9618 | D:9      | Reached **** piety under Ashenzari
  9632 | D:9      | Reached skill level 8 in Fighting
  9944 | D:9      | Reached XP level 11. HP: 83/90 MP: 0/0
  9944 | D:9      | Learned a level 5 spell: Lightning Bolt
 10018 | D:9      | Noticed turdburglar's ghost (novice OgGl)
 10021 | D:9      | Found a runed translucent door.
 10067 | D:9      | Found a hazy altar of Hepliaklqana.
 10204 | D:9      | Found a staircase to the Orcish Mines.
 10334 | D:9      | Noticed Amaemon
 10339 | D:9      | Killed Amaemon
 10759 | D:10     | Entered Level 10 of the Dungeon
 10822 | D:10     | Reached skill level 9 in Fighting
 11556 | D:11     | Noticed a two-headed ogre
 11560 | D:11     | Killed a two-headed ogre
 11575 | D:11     | Noticed a red ugly thing
 11600 | D:11     | Killed a red ugly thing
 11601 | D:11     | Reached skill level 5 in Armour
 11968 | D:11     | Noticed a two-headed ogre
 11973 | D:11     | Killed a two-headed ogre
 12116 | D:11     | Noticed an oklob plant
 12122 | D:11     | Reached XP level 12. HP: 58/100 MP: 0/0
 12167 | D:11     | Found a staircase to the Lair.
 12214 | D:11     | Identified the +0 robe of Dogma {Int+2}
 12515 | D:12     | Reached skill level 5 in Short Blades
 12515 | D:12     | Noticed an ogre mage
 12516 | D:12     | Reached skill level 10 in Fighting
 12519 | D:12     | Killed an ogre mage
 12520 | D:12     | Noticed a two-headed ogre
 12524 | D:12     | Killed a two-headed ogre
 12598 | D:12     | Noticed a two-headed ogre
 12612 | D:12     | Noticed a two-headed ogre
 12615 | D:12     | Killed a two-headed ogre
 12846 | D:12     | Killed a two-headed ogre
 12847 | D:12     | Reached skill level 11 in Fighting
 12847 | D:12     | Reached skill level 1 in Shields
 12847 | D:12     | Reached skill level 10 in Spellcasting
 12972 | D:12     | Reached XP level 13. HP: 98/108 MP: 0/0
 12972 | D:12     | Learned a level 5 spell: Lee's Rapid Deconstruction
 13127 | D:12     | Identified the +1 rapier "Gostioc" {flame, Int+4}
 13664 | D:12     | Noticed Nessos
 13671 | D:12     | Killed Nessos
 14434 | D:12     | Reached skill level 12 in Fighting
 14451 | D:12     | Reached skill level 1 in Evocations
 15201 | Orc:1    | Entered Level 1 of the Orcish Mines
 15315 | Orc:1    | Noticed Maurice
 15319 | Orc:1    | Killed Maurice
 15320 | Orc:1    | Reached XP level 14. HP: 107/117 MP: 0/0
 15498 | Orc:1    | Noticed Fannar
 15503 | Orc:1    | Killed Fannar
 16233 | Orc:2    | Entered Level 2 of the Orcish Mines
 16308 | Orc:2    | Reached skill level 13 in Fighting
 16509 | Orc:2    | Found a staircase to the Elven Halls.
 16930 | Orc:2    | Found Kiatt's Assorted Antiques.
 16934 | Orc:2    | Reached skill level 10 in Dodging
 16945 | Orc:2    | Found Tipren's Armour Boutique.
 17000 | Orc:2    | Bought +1 ice dragon scales for 1072 gold pieces
 17113 | Orc:2    | Found Vidoror's Assorted Antiques.
 17113 | Orc:2    | Found Rejiasip's Antique Armour Emporium.
 17262 | Temple   | Entered the Ecumenical Temple
 17610 | Lair:1   | Entered Level 1 of the Lair of Beasts
 17640 | Lair:1   | Reached ***** piety under Ashenzari
 19062 | Lair:2   | Identified the +1 robe of Going Fast {rPois}
 19099 | Lair:2   | Found a staircase to the Snake Pit.
 19522 | Lair:2   | Reached XP level 15. HP: 100/129 MP: 0/0
 19522 | Lair:2   | Learned a level 6 spell: Eringya's Noxious Bog
 20456 | Lair:2   | Found a staircase to the Swamp.
 20652 | Lair:3   | Reached skill level 5 in Evocations
 21266 | Lair:3   | Reached skill level 14 in Fighting
 21407 | Lair:3   | Found a runed translucent door.
 21671 | Lair:3   | Identified the +6 battleaxe "Kises" {flame, rC+ Will+}
 22427 | Lair:4   | Identified the +0 pair of gloves "Obisch" {MP-9 Str+4
                  | Int+2}
 22573 | Lair:4   | Reached skill level 5 in Shields
 22933 | Lair:4   | Found a stormy altar of Qazlal.
 23167 | Lair:4   | Found a staircase to the Slime Pits.
 23168 | Lair:4   | Found a viscous altar of Jiyva.
 23485 | Lair:5   | Entered Level 5 of the Lair of Beasts
 23859 | Lair:5   | Reached XP level 16. HP: 20/134 MP: 0/0
 25613 | Lair:5   | Reached skill level 15 in Fighting
 25776 | Lair:5   | Reached skill level 10 in Armour
 26441 | Snake:1  | Entered Level 1 of the Snake Pit
 26442 | Snake:1  | Noticed Agnes
 26458 | Snake:1  | Killed Agnes
 26784 | Snake:1  | Noticed Aizul
 26797 | Snake:1  | Killed Aizul
 26998 | Snake:1  | Killed by an exploding shock serpent... ignited by their
                  | inner flame

Illustrated notes

Levels and vault maps discovered:
D:1:      saegor_arrival_simple_c, layout_rooms
D:2:      layout_loops_ring, basic_altar, st_stairs_3
D:3:      layout_loops_ring, mainiacjoe_overflow_tiny_flanked,
          evilmike_ruin_ashenzari, lemuel_doored_altar,
          gammafunk_temple_overflow_pools, gup_sewer_entry_pipe,
          corexii_corridor_pit, minmay_misc_feat_alley, item_on_display_a
D:4:      layout_loops_cross, minmay_temple_entry_arrows
D:5:      layout_loops_corners, minmay_joined_circles
D:6:      dreamdust_elfheim, layout_basic, minmay_stone_trees_small,
          hangedman_decor_growths, wad_floor_pattern_untrapped,
          uniq_blork_the_orc, uniq_edmund
D:7:      layout_cave_pods, amcnicky_altar_gilded,
          nicolae_wu_jian_glorious_leap, mainiacjoe_overflow_paths,
          roderic_serpentine_path, amcnicky_mini_pool_small
D:8:      layout_cave_pools, tgw_fedhas, mainiacjoe_overflow_alcove_1,
          gammafunk_temple_overflow_wave, serial_shops, nicolae_shop_trees,
          roderic_lattice_a
D:9:      minmay_evil_eye, layout_gridville, lemuel_crystal_altar, david_orc_5,
          hellmonk_ghost_happy_afterlife, uniq_amaemon
D:10:     layout_basic, chequers_serial_rivers_micro_a
D:11:     layout_rooms, dpeg_oklobed_lair
D:12:     lemuel_castle_with_subvaults [lemuel_castle_interior_original],
          layout_irregular_city, fountainhead, minmay_rotating_lava, uniq_nessos
Temple:   grunt_temple_mini_profane
Lair:1:   layout_loops_ring, infiniplex_staircase_pool
Lair:2:   regret_index_wax_grids, layout_long_grid,
          nicolae_swamp_entry_splash_gauntlet,
          minmay_snake_entry_guardpost_small
Lair:3:   gammafunk_lair_enchanted_lake, layout_misc_corridors,
          patterned_corridor, grunt_megastairs_2
Lair:4:   layout_long_grid, slime_entry_1, basic_altar, worms_lemuel
Lair:5:   hangedman_lair_in_review, layout_gridlike, portal_ice_cave_entry_imps,
          lemuel_fruit_tree
Snake:1:  layout_gridlike, uniq_agnes, uniq_aizul
Orc:1:    layout_caves, nooodl_orcs_dogs, uniq_fannar, uniq_maurice
Orc:2:    st_orc_town, layout_caves

Skill      XL: |  1  2  3  4  5  6  7  8  9 10 11 12 13 14 15 16 |
---------------+-------------------------------------------------+-----
Spellcasting   | 3 4 5 6 7 8 9 10 11 12 13 | 13.1
Fighting       | 1 3 5 6 8 9 11 12 13 14 15 | 15.3
Dodging        | 3 4 5 6 7 8 9 10 | 10.8
Armour         | 2 3 5 6 7 8 9 10 | 10.2
Short Blades   | 1 3 4 5 |  5.6
Shields        | 1 4 5 6 |  6.5
Evocations     | 2 4 6 7 |  7.1
Stealth        | |  1.5

Action                     |  1- 3 |  4- 6 |  7- 9 | 10-12 | 13-15 | 16-18 || total
---------------------------+-------+-------+-------+-------+-------+-------++-------
  Melee: Dagger            |     7 |    26 |    23 |    22 |     4 |     1 ||    83
   Cast: Foxfire           |    51 |   110 |    89 |    36 |    24 |     5 ||   315
         Scorch            |     2 |       |     6 |    38 |   167 |    62 ||   275
         Sandblast         |     5 |       |       |       |       |       ||     5
         Inner Flame       |       |    13 |    52 |    89 |   226 |    57 ||   437
         Volatile Blastmot |       |     2 |     9 |     5 |     4 |     5 ||    25
         Passwall          |       |     2 |       |       |       |       ||     2
         Stone Arrow       |       |       |    11 |    10 |    87 |    41 ||   149
         Olgreb's Toxic Ra |       |       |    17 |    94 |   216 |    49 ||   376
         Flame Wave        |       |       |       |     1 |    20 |    11 ||    32
         Lee's Rapid Decon |       |       |       |       |     1 |     4 ||     5
         Eringya's Noxious |       |       |       |       |     1 |     1 ||     2
 Invoke: Curse Item        |       |     1 |     3 |     2 |     1 |       ||     7
         Shatter the Chain |       |       |       |       |     1 |     1 ||     2
    Use: Scroll            |       |       |     3 |     3 |     3 |       ||     9
         Potion            |       |       |       |       |     1 |     3 ||     4
 Armour: Robe              |     3 |     5 |    21 |     2 |       |       ||    31
         Scale mail        |       |       |       |    19 |       |       ||    19
         Troll leather arm |       |       |       |     5 |    14 |       ||    19
         Ice dragon scales |       |       |       |       |    55 |    68 ||   123
  Dodge: Dodged            |     6 |    24 |    55 |    27 |    57 |    33 ||   202
  Block: Orb               |       |       |     5 |     5 |       |       ||    10
         Reflection        |       |       |       |     5 |     8 |     1 ||    14
         Other             |       |       |       |     7 |       |       ||     7
         Buckler           |       |       |       |     3 |    56 |    15 ||    74
         Kite shield       |       |       |       |       |       |    12 ||    12

Table legend: (Time is in decaauts)
 A = Elapsed time spent in this place.
 B = Non-inter-level travel time spent in this place.
 C = Inter-level travel time spent in this place.
 D = Time resting spent in this place.
 E = Time spent auto-exploring this place.
 F = Levels seen in this place.
 G = Mean time per level.
                   A        B        C        D        E       F      G
               +--------+--------+--------+--------+--------+-----+--------+
         Total |  27002 |  26184 |    818 |   8062 |  11456 |  22 | 1227.4 |
       Dungeon |  14910 |  14261 |    649 |   3778 |   6722 |  12 | 1242.5 |
        Temple |    209 |    185 |     24 |      0 |    181 |   1 |  209.0 |
          Lair |   8838 |   8714 |    124 |   3336 |   3469 |   5 | 1767.6 |
     Snake Pit |    553 |    553 |      0 |    332 |     19 |   1 |  553.0 |
  Orcish Mines |   1955 |   1936 |     19 |    458 |    935 |   2 |  977.5 |
         Sewer |    535 |    535 |      0 |    158 |    130 |   1 |  535.0 |
               +--------+--------+--------+--------+--------+-----+--------+

Top non-repeatable levels by time:
  Lair:5: 2917 daAuts
    D:12: 2818 daAuts
  Lair:2: 1736 daAuts
     D:5: 1721 daAuts
     D:7: 1493 daAuts
  Lair:4: 1456 daAuts
     D:8: 1426 daAuts
  Lair:3: 1400 daAuts
  Lair:1: 1326 daAuts
     D:6: 1310 daAuts
     D:9: 1275 daAuts
   Orc:1: 1188 daAuts
     D:4: 973 daAuts
     D:3: 916 daAuts
    D:10: 848 daAuts
